 Dungeon Crawl Stone Soup version 0.28.0-53-g5a82cb258f (webtiles) character file.

Game seed: 5629426804163062573

9 RKaid the Magician (level 2, -1/20 HPs)
             Began as a Barachi Hedge Wizard on Aug 25, 2022.
             Slain by a hobgoblin (3 damage)
             ... on level 1 of the Dungeon.
             The game lasted 00:01:55 (805 turns).

RKaid the Magician (Barachi Hedge Wizard)            Turns: 805, Time: 00:01:56

Health: -1/20      AC:  2    Str: 11    XL:     2   Next: 12%
Magic:  6/6        EV: 12    Int: 14    God:
Gold:   16         SH:  0    Dex: 11    Spells: 6/7 levels left

rFire   . . .      SeeInvis .   a - +0 dagger
rCold   . . .      Faith    .   (no shield)
rNeg    . . .      Spirit   .   b - +0 robe
rPois   .          Reflect  .   c - +0 hat
rElec   .          Harm     .   (no cloak)
rCorr   .          Rampage  .   (no gloves)
Will    .....                   (no boots)
Stlth   ++........              (no amulet)
HPRegen 0.06/turn               (no ring)
MPRegen 0.10/turn               (no ring)

@: slow
A: amphibious, slowness 1, strong legs 1, +LOS
a: Hop


You were on level 1 of the Dungeon.
You visited 1 branch of the dungeon, and saw 1 of its levels.

You collected 16 gold pieces.

Inventory:

Hand Weapons
 a - a +0 dagger (weapon)
Armour
 b - a +0 robe (worn)
 c - a +0 hat (worn)
Jewellery
 e - an amulet of the acrobat
Scrolls
 f - a scroll of amnesia {unknown}
Potions
 d - a potion of berserk rage {unknown}


   Skills:
 + Level 0.9 Fighting
 + Level 2.4 Dodging
 - Level 1.7 Stealth
 + Level 3.4 Spellcasting
 + Level 1.4 Conjurations
 - Level 1.2 Summonings
 - Level 1.1 Translocations


You had 6 spell levels left.
You knew the following spells:

 Your Spells              Type           Power      Damage    Failure   Level
a - Magic Dart            Conj           24%        1d4       12%         1

Your spell library contained the following spells:

 Spells                   Type           Power      Damage    Failure   Level
 Call Imp                 Summ           5%         N/A       19%         2
 Slow                     Hex            8%         N/A       21%         1
 Sting                    Tmut/Pois      8%         1d3       21%         1
 Blink                    Tloc           10%        N/A       21%         2
 Poisonous Vapours        Pois/Air       4%         N/A       30%         2
 Conjure Flame            Conj/Fire      4%         6-21      41%         3
 Mephitic Cloud           Conj/Pois/Air  3%         N/A       45%         3
 Olgreb's Toxic Radiance  Pois           2%         N/A       90%         4


Dungeon Overview and Level Annotations

Branches:
Dungeon (1/15)

Altars:


Innate Abilities, Weirdness & Mutations

You are amphibious.
You cover ground slowly.
You can hop short distances.
You have an extended range of vision and can be seen from far away.


Message History

You are too injured to fight recklessly!
You are too injured to fight recklessly!
You are too injured to fight recklessly!
You are too injured to fight recklessly!
You are too injured to fight recklessly!
You are too injured to fight recklessly!
You are too injured to fight recklessly!
You are too injured to fight recklessly!
You are too injured to fight recklessly!
You are too injured to fight recklessly!
You are too injured to fight recklessly!
You are too injured to fight recklessly!
You are too injured to fight recklessly!
You are too injured to fight recklessly!
You are too injured to fight recklessly!
You are too injured to fight recklessly!
You are too injured to fight recklessly!
You are too injured to fight recklessly!
You closely miss the hobgoblin.
The hobgoblin is moderately wounded.
The hobgoblin closely misses you. x2
You hit the hobgoblin but do no damage.
The hobgoblin is moderately wounded.
The hobgoblin closely misses you. x2
You hit the hobgoblin.
The hobgoblin is heavily wounded.
The hobgoblin hits you.
* * * LOW HITPOINT WARNING * * *
The hobgoblin hits you.
* * * LOW HITPOINT WARNING * * *
You barely miss the hobgoblin.
The hobgoblin is heavily wounded.
The hobgoblin hits you.
* * * LOW HITPOINT WARNING * * *
The hobgoblin hits you.
* * * LOW HITPOINT WARNING * * *
You hit the hobgoblin but do no damage.
The hobgoblin is heavily wounded.
The hobgoblin hits you.
You die...

#.#.####...#...........
#......................
.##.#.#.##...######.###.#
....... #...######.# #.#
#.#...##..........
.............####...
.............[......
......#g###.........
.....SBg@...........
..#.#.##.#.)######.. ...
#.#..# #.# .....$. #.
...##.### .......#
#..#.#### .....# #######


You could see a giant cockroach, 2 hobgoblins and a ball python.

Vanquished Creatures
  2 ball pythons (D:1)
  An endoplasm (D:1)
  A giant cockroach (D:1)
  A hobgoblin (D:1)
  A quokka (D:1)
  A bat (D:1)
  A kobold (D:1)
8 creatures vanquished.

Notes
Turn   | Place    | Note
-------+----------+-------------------------------------------
     0 | D:1      | RKaid the Barachi Hedge Wizard began the quest for the Orb.
     0 | D:1      | Reached XP level 1. HP: 13/13 MP: 4/4
   643 | D:1      | Reached XP level 2. HP: 17/20 MP: 6/6
   805 | D:1      | Slain by a hobgoblin

Illustrated notes

Levels and vault maps discovered:
D:1:      dpeg_arrival_yet_another_circle, layout_basic

Action                   || total
-------------------------++-------
Melee: Dagger            ||    41
       Punch             ||     1
 Cast: Magic Dart        ||     2
 Stab: Sleeping          ||     1
Armor: Robe              ||     8
Dodge: Dodged            ||    35
